 Dungeon Crawl Stone Soup version 0.28.0-53-g5a82cb258f (webtiles) character file.

Game seed: 11802030416948540578

7 H0rd4k the Charlatan (level 2, -1/21 HPs)
             Began as a Human Artificer on May 31, 2022.
             Slain by a gnoll
             ... wielding a +0 club
              (4 damage)
             ... on level 1 of the Dungeon.
             The game lasted 00:00:14 (840 turns).

H0rd4k the Charlatan (Human Artificer)               Turns: 840, Time: 00:00:14

Health: -1/21      AC:  3    Str: 12    XL:     2   Next: 10%
Magic:  2/2        EV: 11    Int: 11    God:
Gold:   22         SH:  0    Dex: 13    Spells: 1/1 levels left

rFire   . . .      SeeInvis .   a - +0 club
rCold   . . .      Faith    .   (no shield)
rNeg    . . .      Spirit   .   b - +0 leather armour
rPois   .          Reflect  .   (no helmet)
rElec   .          Harm     .   (no cloak)
rCorr   .          Rampage  .   (no gloves)
Will    .....                   (no boots)
Stlth   +.........              (no amulet)
HPRegen 0.07/turn               (no ring)
MPRegen 0.08/turn               (no ring)

@: no status effects
A: no striking features
a: no special abilities


You were on level 1 of the Dungeon.
You visited 1 branch of the dungeon, and saw 1 of its levels.

You collected 22 gold pieces.

Inventory:

Hand Weapons
 a - a +0 club (weapon)
Armour
 b - a +0 leather armour (worn)
Jewellery
 g - an amulet of regeneration
Wands
 c - a wand of flame (15) (quivered)
 d - a wand of charming (15)
Scrolls
 f - a scroll of torment {unknown}
 h - a scroll of holy word {unknown}
Miscellaneous
 e - a piece from Xom's chessboard (15/15)


   Skills:
 + Level 1.2 Fighting
 - Level 2.0 Armour
 + Level 1.0 Dodging
 - Level 1.0 Stealth
 + Level 3.4 Evocations


You had one spell level left.
You didn't know any spells.
Your spell library was empty.

Dungeon Overview and Level Annotations

Branches:
Dungeon (1/15)

Altars:


Message History

You closely miss the hobgoblin.
The hobgoblin is almost dead.
The hobgoblin hits you. x2
A hobgoblin is nearby!
You hit the hobgoblin.
You kill the hobgoblin!
Found 19 stones.
No target in view!
You see here 19 stones.
There is a stone staircase leading down here.
Key pressed, stopping explore.
No target in view!
You see here a +0 club.
Key pressed, stopping explore.
No target in view!
A gnoll comes into view. It is wielding a +0 club.
A gnoll is nearby!
The gnoll shouts!
A gnoll is nearby!
A gnoll is nearby!
The gnoll hits you but does no damage.
A gnoll is nearby!
You hit the gnoll but do no damage. The gnoll hits you with a +0 club.
A gnoll is nearby!
You hit the gnoll but do no damage. The gnoll hits you with a +0 club. x2
You hit the gnoll but do no damage. The gnoll hits you with a +0 club.
You hit the gnoll.
The gnoll is lightly wounded.
The gnoll hits you but does no damage.
You hit the gnoll but do no damage.
The gnoll is lightly wounded.
The gnoll hits you with a +0 club.
You hit the gnoll.
The gnoll is moderately wounded.
The gnoll hits you with a +0 club. x2
* * * LOW HITPOINT WARNING * * *
You hit the gnoll.
The gnoll is heavily wounded.
The gnoll hits you with a +0 club.
You die...

.# #.#.##.###### #.#
##......P# ##
#.......≈≈≈≈###.#
###P.P.P..#
#####.#.##....≈.##.#
#.#.PPPPP.#
......#.###≈≈≈≈..#.#
##.PP....PP
......#.###.####.#.#
#.....P...
#######.....# #.#.#
#.PPP(.PP. #
##########.#.##
#P..P..PP. #
#...g...# #####_####
# #...@...#
#..PP..P.P ##########
#.......# #.P...P...
.........# #.......#
#P..PP.P.P ########.#
#.......# ##....PP.PP
# #.# #.......#
#.#P.....P# # #.#
#.......# ###PPP.P.P#
# #.#
##.##.#.#####......P#
# #.#
#...###.....##.†P##.
# #.#
####.#.####..#.P.###


You could see a gnoll.

Vanquished Creatures
  A bat (D:1)
  2 goblins (D:1)
  2 hobgoblins (D:1)
  A rat (D:1)
6 creatures vanquished.

Notes
Turn   | Place    | Note
-------+----------+-------------------------------------------
     0 | D:1      | H0rd4k the Human Artificer began the quest for the Orb.
     0 | D:1      | Reached XP level 1. HP: 15/15 MP: 1/1
   464 | D:1      | Found a faded altar of an unknown god.
   509 | D:1      | Reached XP level 2. HP: 21/21 MP: 2/2
   840 | D:1      | Slain by a gnoll

Illustrated notes

Levels and vault maps discovered:
D:1:      wander_arrival_fairy_ring, layout_loops_ring,
          shapermc_ecumenical_altar_gd, chequers_serial_rivers_micro_d

Action                   || total
-------------------------++-------
Melee: Club              ||    28
 Stab: Sleeping          ||     2
Armor: Leather armour    ||     9
Dodge: Dodged            ||    17
